 Dungeon Crawl Stone Soup version 0.19.4-12-gccf7e64 (webtiles) character file.

6985 Rrauwl the Severer (level 10, -7/88 HPs)
             Began as a Minotaur Fighter on Feb 27, 2017.
             Was a High Priest of Okawaru.
             Mangled by Erolcha
             ... wielding a +0 giant club
              (12 damage)
             ... while paralysed by Erolcha
             ... on level 10 of the Dungeon.
             The game lasted 00:45:31 (8519 turns).

Rrauwl the Severer (Minotaur Fighter)               Turns: 8519, Time: 00:45:32

Health: -7/88      AC: 10    Str: 25    XL:     10   Next: 81%
Magic:  10/10      EV:  2    Int:  7    God:    Okawaru [*****.]
Gold:   505        SH:  0    Dex: 17    Spells: 1 memorised, 9 levels left

rFire  . . .     SeeInvis .     G - +1 war axe (vamp)
rCold  . . .     Gourm    .     e - +0 steam dragon scales
rNeg   . . .     Faith    .     (no shield)
rPois  .         Spirit   .     (helmet restricted)
rElec  .         Reflect  .     l - +2 cloak
rCorr  .         Harm     .     (no gloves)
MR     .....                    M - +0 pair of boots
Stlth  +++.......               (no amulet)
                                K - +2 ring of evasion
                                n - +5 ring of strength

@: paralysed, agile
A: retaliatory headbutt, horns 2, blink, robust 1
a: Blink, Heroism, Finesse, Renounce Religion


You were on level 10 of the Dungeon.
You worshipped Okawaru.
Okawaru was extremely pleased with you.
You were not hungry.

You visited 1 branch of the dungeon, and saw 10 of its levels.
You also visited: Sewer.

You collected 505 gold pieces.

Inventory:

Hand Weapons
 u - a +0 whip of electrocution
 G - a +1 vampiric war axe (weapon)
Missiles
 O - 6 curare-tipped needles
Armour
 c - a +1 shield
 e - +0 steam dragon scales (worn)
 l - a +2 cloak (worn)
 M - a +0 pair of boots (worn)
Rods
 B - a +0 lightning rod (9/9)
   (You found it on level 4 of the Dungeon)
Jewellery
 g - an uncursed ring of wizardry
 n - a +5 ring of strength (left hand)
 t - an uncursed ring of flight
 K - a +2 ring of evasion (right hand)
Wands
 a - a wand of confusion (26/48)
 r - a wand of iceblast (14/15)
 v - a wand of slowing (25/48)
 x - a wand of lightning (8/15)
 C - a wand of slowing (25/48)
 D - a wand of random effects (30/48)
 I - a wand of slowing (14/48)
 J - a wand of digging (9/24)
 L - a wand of iceblast (3/15)
 N - a wand of slowing (19/48)
Scrolls
 b - a scroll of fear
 i - 2 scrolls of identify
 m - a scroll of enchant armour
 q - a scroll of amnesia
 y - 3 scrolls of immolation
 z - a scroll of teleportation
 F - 5 scrolls of remove curse
Potions
 d - a potion of might
 k - 7 potions of curing
 o - 5 potions of flight
 p - a potion of haste
 s - 2 potions of agility
 w - a potion of ambrosia
 E - 2 potions of brilliance
Books
 h - a book of Geomancy

   Spells                             Type                      Level
   a - Sandblast                      Earth                        1
   b - Passwall                       Transmutation/Earth          2
   c - Stone Arrow                    Conjuration/Earth            3
   d - Petrify                        Transmutation/Earth          4
   e - Lee's Rapid Deconstruction     Earth                        5
Comestibles
 f - 5 bread rations
 j - 6 meat rations
 A - 6 slices of pizza
 H - 4 chunks of flesh


   Skills:
 + Level 4.9 Fighting
 + Level 16.2 Axes
 + Level 5.1 Armour
 + Level 3.0 Dodging
 + Level 5.3 Shields
 + Level 1.3 Spellcasting
 + Level 1.7 Transmutations
 + Level 1.9 Earth Magic
 + Level 2.2 Invocations
 + Level 1.8 Evocations


You had 9 spell levels left.
You knew the following spells:

 Your Spells              Type           Power        Failure   Level  Hunger
a - Passwall              Tmut/Erth      #.........   30%         2    ###....


Dungeon Overview and Level Annotations

Branches:
Dungeon (10/15)            Temple (0/1) D:5             Orc (0/2) D:9
   Lair: D:8-11

Altars:
Ashenzari
Cheibriados
Elyvilon
Fedhas
Gozag
Nemelex Xobeh
Okawaru
Zin
The Shining One

Annotations:
D:10 Erolcha


Innate Abilities, Weirdness & Mutations

You reflexively headbutt those who attack you in melee.
You have a pair of horns on your head.
You can translocate small distances at will.
You are robust. (+10% HP)


Message History

Erolcha points at you and mumbles some strange words.
The orb of energy hits you!
O - 6 curare-tipped needles
Okay, then.
You feel agile all of a sudden.
You closely miss Erolcha. Erolcha misses you. You furiously retaliate!
You headbutt Erolcha. You barely miss Erolcha.
Erolcha is lightly wounded.
You hit Erolcha but do no damage. Your headbutt misses Erolcha.
Erolcha is lightly wounded.
Erolcha gestures at you while chanting.
You suddenly lose the ability to move!
Erolcha hits you with a giant club! Erolcha hits you with a giant club!!
* * * LOW HITPOINT WARNING * * *
Erolcha hits you with a giant club!!
* * * LOW HITPOINT WARNING * * *
Erolcha hits you with a giant club!
You die...

###......##
#(........#
#.........#
.#+###(........#
........(.......###
.........(....(....
..........(........
.#.....###)..#####
#########@).#
.......)O### +#
.........# ..#
.........# .c..
.........###.....
.................
.).#.............
...#...(.........
.. #.............


You could see Erolcha.

Vanquished Creatures
  Joseph (D:7)
  Maurice (D:10)
  A two-headed ogre (D:9)
  2 hippogriffs (D:8)
  4 hogs (D:8)
  A hungry ghost (D:5)
  A human (D:8)
  A steam dragon (D:8)
  2 water moccasins
  An ice beast (D:4)
  3 orc warriors
  2 phantoms
  A sky beast (D:7)
  3 black bears
  A necrophage (D:5)
  4 ogres
  8 centaurs
  5 bullfrogs
  3 big kobolds
  3 scorpions
  5 killer bees (D:9)
  A crimson imp (D:8)
  A quasit (D:9)
  2 jellies
  2 centaur zombies
  5 hounds
  8 orc wizards
  3 bullfrog skeletons
  4 orc priests
  A gnoll shaman (D:5)
  3 iguanas
  5 worker ants
  A hound zombie (D:7)
  2 hound skeletons
  A worker ant zombie (D:10)
  Robin (D:3)
  6 gnolls (D:5)
  2 howler monkey skeletons (D:4)
  6 river rats (Sewer)
  9 adders
  2 shadow imps
  An ooze (Sewer)
  2 adder zombies
  2 adder skeletons (D:8)
  2 worms
  A dart slug (D:1)
  7 leopard geckos
  22 orcs
  3 bats
  4 giant cockroaches
  18 goblins
  11 hobgoblins
  10 jackals
  2 quokkas (D:3)
  5 ball pythons
  6 frilled lizards
  A jackal skeleton (D:7)
  44 kobolds
  A leopard gecko skeleton (D:8)
  A leopard gecko zombie (D:5)
  21 rats
  6 plants (D:4)
288 creatures vanquished.

Vanquished Creatures (others)
  6 plants (D:4)
6 creatures vanquished.

Grand Total: 294 creatures vanquished

Notes
Turn   | Place    | Note
-------+----------+-------------------------------------------
     0 | D:1      | Rrauwl the Minotaur Fighter began the quest for the Orb.
     0 | D:1      | Reached XP level 1. HP: 19/19 MP: 0/0
   166 | D:1      | Reached XP level 2. HP: 27/27 MP: 1/1
   584 | D:2      | Reached skill level 3 in Axes
   629 | D:2      | Reached XP level 3. HP: 31/33 MP: 2/2
   788 | D:2      | Found a glowing golden altar of the Shining One.
   975 | D:3      | Noticed Robin
   978 | D:3      | Reached skill level 4 in Axes
   991 | D:3      | Reached XP level 4. HP: 37/40 MP: 3/3
   991 | D:3      | Killed Robin
  1150 | D:3      | Reached skill level 5 in Axes
  1290 | D:3      | Reached XP level 5. HP: 40/46 MP: 4/4
  1710 | D:4      | Found a shattered altar of Ashenzari.
  1711 | D:4      | Found a blossoming altar of Fedhas.
  1931 | D:4      | Reached skill level 6 in Axes
  1951 | D:4      | Noticed an ogre
  1963 | D:4      | Reached skill level 7 in Axes
  1963 | D:4      | Reached XP level 6. HP: 27/52 MP: 5/5
  2034 | D:4      | Reached skill level 8 in Axes
  2165 | D:4      | Got a diamond-encrusted ring mail
  2176 | D:4      | Identified the cursed +1 ring mail "Nekilyh" {rF+ rC- rN+} (You found it on level 4 of the Dungeon)
  2181 | D:4      | Found a glowing silver altar of Zin.
  2243 | D:4      | Found a glowing drain.
  2247 | Sewer    | Entered a sewer
  2465 | Sewer    | Reached XP level 7. HP: 52/59 MP: 6/6
  2601 | Sewer    | Reached skill level 9 in Axes
  2819 | D:4      | Found a blossoming altar of Fedhas.
  3042 | D:5      | Entered Level 5 of the Dungeon
  3070 | D:5      | Found an opulent altar of Gozag.
  3240 | D:5      | Found a snail-covered altar of Cheibriados.
  3286 | D:5      | Noticed a hungry ghost
  3286 | D:5      | Found a sparkling altar of Nemelex Xobeh.
  3311 | D:5      | Reached skill level 10 in Axes
  3323 | D:5      | Killed a hungry ghost
  3596 | D:5      | Reached XP level 8. HP: 52/66 MP: 7/7
  3599 | D:5      | Found an iron altar of Okawaru.
  3604 | D:5      | Became a worshipper of Warmaster Okawaru
  3713 | D:5      | Reached skill level 11 in Axes
  3910 | D:5      | Found a staircase to the Ecumenical Temple.
  4195 | D:6      | Reached skill level 12 in Axes
  4496 | D:6      | Reached * piety under Okawaru
  4629 | D:6      | Reached skill level 13 in Axes
  4953 | D:7      | Reached XP level 9. HP: 63/70 MP: 8/8
  4958 | D:7      | Gained mutation: You are clumsy. (Dex -2) [mutagenic meat]
  4959 | D:7      | Gained mutation: You evolve. [mutagenic meat]
  4960 | D:7      | Gained mutation: You tend to lose your temper in combat. [mutagenic meat]
  4961 | D:7      | Gained mutation: You are weak. (Str -2) [mutagenic meat]
  4962 | D:7      | Gained mutation: You often lose your temper in combat. [mutagenic meat]
  4963 | D:7      | Gained mutation: You are resistant to hostile enchantments. (MR+) [mutagenic meat]
  4985 | D:7      | Gained mutation: You can translocate small distances at will. [potion of beneficial mutation]
  5089 | D:7      | Reached ** piety under Okawaru
  5170 | D:7      | Reached skill level 14 in Axes
  5753 | D:7      | Noticed Joseph
  5787 | D:7      | Killed Joseph
  5787 | D:7      | Reached skill level 15 in Axes
  6376 | D:8      | Reached *** piety under Okawaru
  6407 | D:8      | Lost mutation: You are weak. (Str -2) [potion of cure mutation]
  6407 | D:8      | Lost mutation: You are clumsy. (Dex -2) [potion of cure mutation]
  6407 | D:8      | Lost mutation: You often lose your temper in combat. [potion of cure mutation]
  6407 | D:8      | Lost mutation: You evolve. [potion of cure mutation]
  6407 | D:8      | Lost mutation: You tend to lose your temper in combat. [potion of cure mutation]
  6407 | D:8      | Lost mutation: You are resistant to hostile enchantments. (MR+) [potion of cure mutation]
  6411 | D:8      | Gained mutation: You are robust. (+10% HP) [potion of beneficial mutation]
  6519 | D:8      | Learned a level 2 spell: Passwall
  6786 | D:8      | Reached skill level 16 in Axes
  6786 | D:8      | Reached XP level 10. HP: 83/85 MP: 9/9
  7094 | D:8      | Reached skill level 1 in Dodging
  7098 | D:8      | Reached skill level 1 in Earth Magic
  7100 | D:8      | Reached **** piety under Okawaru
  7100 | D:8      | Reached skill level 1 in Invocations
  7398 | D:8      | Reached skill level 1 in Transmutations
  7398 | D:8      | Reached skill level 1 in Evocations
  7975 | D:9      | Found a staircase to the Orcish Mines.
  8099 | D:9      | Found a white marble altar of Elyvilon.
  8104 | D:9      | Reached skill level 1 in Spellcasting
  8420 | D:10     | Entered Level 10 of the Dungeon
  8444 | D:10     | Reached ***** piety under Okawaru
  8444 | D:10     | Reached skill level 5 in Shields
  8448 | D:10     | Noticed Maurice
  8458 | D:10     | Killed Maurice
  8458 | D:10     | Reached skill level 5 in Armour
  8493 | D:10     | Noticed Erolcha
  8503 | D:10     | Received a gift from Okawaru
  8514 | D:10     | Paralysed by Erolcha for 5 turns
  8519 | D:10     | Mangled by Erolcha

Skill      XL: |  1  2  3  4  5  6  7  8  9 10 |
---------------+-------------------------------+-----
Fighting       | 4 |  4.9
Axes           | 3 4 5 7 8 10 13 16 | 16.2
Armour         | 4 5 |  5.1
Shields        | 4 5 |  5.3
Dodging        | 3 |  3.0
Earth Magic    | 1 |  1.9
Invocations    | 2 |  2.2
Transmutations | 1 |  1.7
Evocations     | 1 |  1.8
Spellcasting   | 1 |  1.3

Action                   |  1- 3 |  4- 6 |  7- 9 | 10-12 || total
-------------------------+-------+-------+-------+-------++-------
Melee: War axe           |    97 |   141 |   405 |   135 ||   778
       Headbutt          |    11 |    24 |    73 |    27 ||   135
       Punch             |       |       |     1 |       ||     1
Invok: Heroism           |       |       |     1 |     1 ||     2
  Use: Scroll            |       |     3 |    13 |     3 ||    19
       Potion            |       |     2 |    11 |     3 ||    16
  Eat: Chunk             |       |     5 |    11 |     2 ||    18
       Bread ration      |       |       |     3 |       ||     3
       Meat ration       |       |       |     1 |       ||     1
       Royal jelly       |       |       |     2 |       ||     2
       Beef jerky        |       |       |       |     2 ||     2
       Pizza             |       |       |       |     1 ||     1
Armor: Scale mail        |    46 |    52 |       |       ||    98
       Ring mail         |       |    17 |   108 |       ||   125
       Steam dragon scal |       |       |     5 |    43 ||    48
Dodge: Dodged            |    45 |    43 |    98 |    65 ||   251
Block: Shield            |    61 |    71 |   108 |       ||   240
